 Dungeon Crawl Stone Soup version bcrawl-1.38b (webtiles) character file.

Game seed: 14471656503135840540

231015 Baz the Fighter (level 9, -11/83 HPs)
             Began as a White Draconian Hunter on Mar 6, 2023.
             Was a Believer of Dithmenos.
             Killed from afar by Psyche (22 damage)
             ... with a poison arrow
             ... on level 8 of the Dungeon.
             The game lasted 00:20:53 (8124 turns).

Baz the Fighter (White Draconian Hunter)            Turns: 8124, Time: 00:20:54

Health: -11/83     AC:  8    Str: 12    XL:     9   Next: 42%
Magic:  9/9        EV: 13    Int: 13    God:    Dithmenos [**....]
Gold:   224        SH:  5    Dex: 15    Spells: 8/8 levels left

rFire    . . .     GDR:     27% t - +1 whip "Celuev" {slash, rPois rN++ Str-4 SInv}
rCold    + + .     SeeInvis +   B - +0 buckler
rNeg     + + .     Gourm    .   (armour unavailable)
rPois    +         Faith    .   (helmet restricted)
rElec    .         Spirit   .   v - +0 cloak
rCorr    .         Reflect  .   (no gloves)
MR       .....                  (no boots)
Stlth    ++........             (no amulet)
HPRegen  0.23/turn              f - ring of protection from cold
MPRegen  0.11/turn              n - +5 ring of dexterity

@: lethally poisoned (-11 -> -18), short of breath, wreathed by umbra, lightly
drained
A: breathe frost, unfitting armour, clumsy 1, cold resistance 1, deterioration
1, poison resistance, wild magic 1, cold-blooded, AC +7
a: Breathe Frost, Shadow Step, Renounce Religion


You were on level 8 of the Dungeon.
You worshipped Dithmenos.
Dithmenos was pleased with you.
You were hungry.

You visited 1 branch of the dungeon, and saw 8 of its levels.
You also visited: Sewer.

You collected 371 gold pieces.
You spent 147 gold pieces at shops.

Inventory:

Hand Weapons
 a - a +1 hand crossbow
 b - a +0 short sword
 t - the +1 whip "Celuev" (weapon) {slash, rPois rN++ Str-4 SInv}
   (You found it on level 4 of the Dungeon)

   It will always inflict at least some extra damage.
   This minimum extra damage increases with your current reserve of magical
   power.
   It affects your strength (-4).
   It protects you from poison.
   It greatly protects you from negative energy.
   It lets you see invisible.
Missiles
 c - 169 bolts
Armour
 v - a +0 cloak (worn)
 B - a +0 buckler (worn)
Jewellery
 f - a ring of protection from cold (left hand)
 n - a +5 ring of dexterity (right hand)
Wands
 d - a wand of iceblast (16)
Scrolls
 g - 5 scrolls of remove curse
 i - 3 scrolls of identify
 j - 2 scrolls of teleportation
 k - 3 scrolls of blinking
 s - a scroll of fog {unknown}
 x - a scroll of magic mapping
 y - a scroll of fear {unknown}
 A - 2 scrolls of enchant weapon {unknown}
 C - a scroll of acquirement {unknown}
Potions
 h - 2 potions of curing
 l - 4 potions of lignification {unknown}
 o - 2 potions of haste
 p - a potion of mutation
 q - a potion of degeneration {unknown}
 r - a potion of cancellation {unknown}
 u - a potion of heal wounds
 w - a potion of might {unknown}
 z - a potion of magic {unknown}
Comestibles
 e - 14 rations {!d}


   Skills:
 * Level 9.3(9.1) Fighting
 + Level 5.2(5.1) Short Blades
 + Level 6.4(6.3) Crossbows
 - Level 5.1(5.0) Dodging
 - Level 2.0(1.9) Stealth
 + Level 1.8(1.7) Shields


You had 8 spell levels left.
You didn't know any spells.
Your spell library contained the following spells:

 Spells                   Type           Power        Failure   Level  Hunger
 Sandblast                Erth           #.....       65%         1    None
 Passwall                 Tmut/Erth      #.......     78%         2    ####...
 Stone Arrow              Conj/Erth      #.....       95%         3    #####..
 Petrify                  Tmut/Erth      #.........   100%        4    ######.
 Lee's Rapid Deconstruct  Erth           #.........   100%        5    #######


Dungeon Overview and Level Annotations

Branches:
Dungeon (8/12)             Temple (0/1) D:5
   Lair: D:7-9          Orc: D:8-11

Altars:
Dithmenos
Qazlal

Shops:
D:4 }   D:7 [

Annotations:
D:3 2 transporters, yrara's ghost, amateur DsFi
D:8 Psyche


Innate Abilities, Weirdness & Mutations

You can breathe waves of freezing cold.
You can buffet flying creatures when you breathe cold.
Your icy white scales are hard. (AC +7)
You cannot fit into any form of body armour.
Your flesh is cold resistant. (rC+)
You are cold-blooded and may be slowed by cold attacks.
You are clumsy. (Dex -2)
Your body sometimes deteriorates upon taking damage.
Your system is resistant to poisons. (rPois)
Your spells are a little harder to cast, but a little more powerful.


Message History

You barely miss Psyche.
Psyche is heavily wounded.
Psyche misses you. Psyche hits you but does no damage.
Your shield prevents you from hitting Psyche.
Psyche is heavily wounded.
Psyche hits you with a +2 dagger of chaos.
* * * LOW HITPOINT WARNING * * *
Psyche burns you.
* * * LOW HITPOINT WARNING * * *
Psyche gestures at you while chanting.
You are poisoned.
You partially resist. The poison arrow hits you!
* * * LOW HITPOINT WARNING * * *
You closely miss Psyche. You tail-slap Psyche, but do no damage.
Psyche is heavily wounded.
You feel sick.
Psyche points at you and mumbles some strange words.
You are more poisoned.
You partially resist. The poison arrow hits you!!
You die...

####### #.......... .......
#.......... ....... .........
....... #......### .....>.
+......... ....[.. #......####
.......####..........#+#
......F@@................
####...##.##....#........
..........##....#........
........#######.#.....###
........#...).#'#.....#..
........#.#...........#(.
........#.#<..........#(. ..
###.......#...........###
....#######.......'[.............


You could see Psyche and a bullfrog.

Vanquished Creatures
  A kobold demonologist (D:6)
  Sigmund (D:7)
  A crocodile (D:7)
  Edmund (D:7)
  A sky beast (D:7)
  2 phantoms
  An ice beast (D:7)
  3 bullfrogs
  Blork the orc (D:4)
  4 centaurs
  3 scorpions
  A wight (D:8)
  2 killer bees
  3 howler monkeys
  3 crimson imps
  A bullfrog zombie (D:4)
  3 jellies
  4 hounds
  2 iguanas
  An orc wizard (D:4)
  2 worker ants
  A killer bee zombie (D:5)
  3 hound zombies
  A hound skeleton (D:7)
  A worker ant zombie (D:6)
  3 gnolls (D:4)
  11 adders
  A river rat (D:5)
  A shadow imp (D:7)
  An ooze (D:1)
  An adder skeleton (D:5)
  An adder zombie (D:5)
  7 worms
  A dart slug (D:1)
  13 leopard geckos
  12 orcs
  5 ball pythons
  3 giant cockroaches
  4 goblins
  6 hobgoblins
  13 jackals
  4 quokkas
  4 bats
  8 frilled lizards
  A jackal zombie (D:3)
  18 kobolds
  2 quokka skeletons
  6 rats
173 creatures vanquished.

Notes
Turn   | Place    | Note
-------+----------+-------------------------------------------
     0 | D:1      | Baz the Draconian Hunter began the quest for the Orb.
     0 | D:1      | Reached XP level 1. HP: 17/17 MP: 1/1
   118 | D:1      | Reached XP level 2. HP: 25/25 MP: 2/2
   364 | D:1      | Reached skill level 3 in Fighting
   373 | D:1      | Reached XP level 3. HP: 26/31 MP: 3/3
  1116 | D:2      | Reached XP level 4. HP: 38/38 MP: 4/4
  1356 | D:3      | Found a shadowy altar of Dithmenos.
  1368 | D:3      | Reached skill level 4 in Fighting
  1419 | D:3      | Became a worshipper of Dithmenos the Shadowed
  1519 | D:3      | Reached XP level 5. HP: 40/46 MP: 5/5
  1628 | D:3      | Found a transporter.
  1631 | D:3      | Noticed yrara's ghost (amateur DsFi)
  1632 | D:3      | Found a transporter.
  1632 | D:3      | Identified the cursed +3 dire flail of Battle {venom, rPois
                  | MR+ Stlth+}
  1632 | D:3      | Noticed an ogre
  2101 | D:4      | Noticed a phantom
  2129 | D:4      | Killed a phantom
  2130 | D:4      | Reached skill level 1 in Short Blades
  2165 | D:4      | Reached XP level 6. HP: 52/53 MP: 6/6
  2202 | D:4      | Noticed Blork the orc
  2217 | D:4      | Killed Blork the orc
  2218 | D:4      | Reached skill level 5 in Fighting
  2365 | D:4      | Found Rudite's Gadget Boutique.
  2373 | D:4      | Bought a wand of iceblast (6) for 147 gold pieces
  2682 | D:4      | Got a buzzing whip
  3055 | D:4      | Your scales start taking on an icy white colour.
  3055 | D:4      | Reached XP level 7. HP: 54/61 MP: 7/7
  3055 | D:4      | Gained mutation: Your flesh is cold resistant. (rC+) [White
                  | Draconian growth]
  3055 | D:4      | Found a stormy altar of Qazlal.
  3477 | D:4      | Noticed a troll
  3666 | D:5      | Entered Level 5 of the Dungeon
  3724 | D:5      | Identified the +1 whip "Celuev" {slash, rPois rN++ Str-4
                  | SInv} (You found it on level 4 of the Dungeon)
  3805 | D:5      | Reached skill level 6 in Fighting
  3965 | D:5      | Reached * piety under Dithmenos
  3970 | D:5      | Found a staircase to the Ecumenical Temple.
  4047 | D:5      | Reached skill level 5 in Crossbows
  4105 | D:5      | Found a glowing drain.
  4109 | Sewer    | Entered a sewer
  5618 | D:6      | Noticed a kobold demonologist
  5623 | D:6      | Reached ** piety under Dithmenos
  5632 | D:6      | Noticed an orange demon
  5637 | D:6      | Noticed an ice devil
  5771 | D:6      | Reached XP level 8. HP: 62/71 MP: 8/8
  6030 | D:6      | Noticed a hellwing
  6040 | D:6      | Noticed an ice devil
  6193 | D:6      | Killed a kobold demonologist
  6194 | D:6      | Reached skill level 7 in Fighting
  6527 | D:7      | Noticed Edmund
  6536 | D:7      | Killed Edmund
  6551 | D:7      | Noticed Sigmund
  6767 | D:7      | Killed Sigmund
  6768 | D:7      | Reached skill level 8 in Fighting
  6934 | D:7      | Reached skill level 5 in Dodging
  6949 | D:7      | Reached XP level 9. HP: 39/82 MP: 9/9
  7204 | D:7      | Found Ricuar's Antique Armour Shoppe.
  7527 | D:7      | Reached skill level 5 in Short Blades
  7527 | D:7      | Reached skill level 1 in Shields
  7657 | D:7      | Reached skill level 9 in Fighting
  8044 | D:8      | Noticed a +0 hand axe
  8045 | D:8      | Noticed a +0 hand axe
  8099 | D:8      | Noticed Psyche
  8115 | D:8      | Gained mutation: Your spells are a little harder to cast,
                  | but a little more powerful. [potion of mutation]
  8115 | D:8      | Gained mutation: You are clumsy. (Dex -2) [potion of
                  | mutation]
  8115 | D:8      | Gained mutation: Your body sometimes deteriorates upon
                  | taking damage. [potion of mutation]
  8115 | D:8      | Gained mutation: Your system is resistant to poisons.
                  | (rPois) [potion of mutation]
  8124 | D:8      | Killed from afar by Psyche

Skill      XL: |  1  2  3  4  5  6  7  8  9 |
---------------+----------------------------+-----
Dodging        | 2 3 4 5 |  5.1
Fighting       | 3 4 5 6 8 9 |  9.3
Stealth        | 2 |  2.0
Crossbows      | 4 5 6 |  6.4
Short Blades   | 1 2 3 4 5 |  5.2
Shields        | 1 |  1.8

Action                   |  1- 3 |  4- 6 |  7- 9 || total
-------------------------+-------+-------+-------++-------
Melee: Short sword       |   167 |   201 |    67 ||   435
       Tailslap          |    15 |    32 |    74 ||   121
       Whip              |       |       |   440 ||   440
 Fire: Hand crossbow     |    12 |    36 |    23 ||    71
 Abil: Breathe Frost     |       |       |    15 ||    15
  Use: Potion            |       |     2 |     5 ||     7
       Scroll            |       |       |     6 ||     6
 Stab: Sleeping          |     3 |     5 |     5 ||    13
       Distracted        |       |       |     1 ||     1
  Eat: Chunk             |     6 |     8 |    28 ||    42
       Ration            |       |     1 |     2 ||     3
Armor: Skin              |    51 |    46 |   143 ||   240
Dodge: Dodged            |   103 |   141 |   487 ||   731
Block: Buckler           |       |       |    31 ||    31
